 Dungeon Crawl Stone Soup version 0.22-a0-880-gb7b0c8b (webtiles) character file.

58 Goblin1989 the Cutter (level 3, -7/27 HPs)
             Began as a Demonspawn Warper on July 30, 2018.
             Killed from afar by a white imp (8 damage)
             ... with a puff of frost
             ... summoned by Natasha
             ... on level 2 of the Dungeon.
             The game lasted 00:03:20 (1696 turns).

Goblin1989 the Cutter (Demonspawn Warper)           Turns: 1696, Time: 00:03:21

Health: -7/27      AC:  3    Str: 11    XL:     3   Next: 76%
Magic:  6/6        EV: 12    Int: 14    God:
Gold:   80         SH:  0    Dex: 13    Spells: 6/6 levels left

rFire    . . .     SeeInvis .   a - +0 short sword
rCold    . . .     Gourm    .   (no shield)
rNeg     . . .     Faith    .   b - +0 leather armour
rPois    .         Spirit   .   (no helmet)
rElec    .         Reflect  .   (no cloak)
rCorr    .         Harm     .   (no gloves)
MR       .....                  (no boots)
Stlth    +.........             (no amulet)
HPRegen  0.09/turn              (no ring)
MPRegen  0.10/turn              (no ring)

@: no status effects
A: hooves 1, sturdy frame 1
a: no special abilities


You were on level 2 of the Dungeon.
You were hungry.

You visited 1 branch of the dungeon, and saw 2 of its levels.

You collected 80 gold pieces.

Inventory:

Hand Weapons
 a - a +0 short sword (weapon)
 K - a +0 quarterstaff
Missiles
 f - 5 tomahawks of dispersal (quivered)
 D - 63 stones {@Q3}
 F - 46 arrows
Armour
 b - a +0 leather armour (worn)
Magical Staves
 O - an uncursed staff of air
Scrolls
 B - 2 scrolls of blinking
 C - a scroll of identify {unknown}
 L - a scroll of amnesia {unknown}
Potions
 G - a potion of invisibility {unknown}
 I - 4 potions of curing {unknown}
 N - a potion of brilliance {unknown}
Comestibles
 e - 4 rations
 M - 2 chunks of flesh


   Skills:
 - Level 2.0 Fighting
 + Level 3.2 Short Blades
 - Level 1.6 Staves
 - Level 0.8 Throwing
 - Level 0.8 Armour
 - Level 1.7 Dodging
 - Level 2.0 Spellcasting
   Level 2.6 Translocations


You had 6 spell levels left.
You didn't know any spells.
Your spell library contained the following spells:

 Spells                   Type           Power        Failure   Level  Hunger
 Teleport Other           Tloc           #.......     26%         3    ####...
 Blink                    Tloc           N/A          13%         2    ###....
 Passage of Golubria      Tloc           N/A          63%         4    #####..
 Shroud of Golubria       Chrm/Tloc      #.........   22%         2    ###....
 Gell's Gravitas          Tloc           #.........   26%         3    ####...
 Lesser Beckoning         Tloc           #.........   26%         3    ####...


Dungeon Overview and Level Annotations

Branches:
Dungeon (2/15)

Altars:

Annotations:
D:2 Natasha


Innate Abilities, Weirdness & Mutations

You have large cloven feet.
Your movements are slightly less encumbered by armour. (ER -2)


Message History

No target in view!
No target in view!
No target in view!
No target in view!
No target in view!
No target in view!
No target in view!
Natasha, Servant of Life and Death comes into view.
Natasha hisses angrily.
Natasha wildly gestures.
You feel disoriented.
You hit Natasha.
Natasha is moderately wounded.
Natasha claws you.
You take 4 damage, and have 23/27 hp.
You barely miss Natasha. You kick Natasha.
Natasha is heavily wounded.
Natasha claws you.
You take 2 damage, and have 21/27 hp.
You hit Natasha.
Natasha is heavily wounded.
Natasha claws you!
You take 8 damage, and have 13/27 hp.
MASSIVE DAMAGE!!
You are too injured to fight recklessly!
You are too injured to fight recklessly!
You are too injured to fight recklessly!
You are too injured to fight recklessly!
You are too injured to fight recklessly!
You are too injured to fight recklessly!
You are too injured to fight recklessly!
You are too injured to fight recklessly!
You are too injured to fight recklessly!
You are too injured to fight recklessly!
You are too injured to fight recklessly!
You are too injured to fight recklessly!
You are too injured to fight recklessly!
You are too injured to fight recklessly!
You are too injured to fight recklessly!
You are too injured to fight recklessly!
You are too injured to fight recklessly!
You are too injured to fight recklessly!
You are too injured to fight recklessly!
You are too injured to fight recklessly!
You are too injured to fight recklessly!
You are too injured to fight recklessly!
You are too injured to fight recklessly!
You are too injured to fight recklessly!
You are too injured to fight recklessly!
You are too injured to fight recklessly!
You are too injured to fight recklessly!
You hit Natasha but do no damage. Your kick misses Natasha.
Natasha is heavily wounded.
You are feeling hungry.
Natasha closely misses you.
You closely miss Natasha.
Natasha is heavily wounded.
Natasha stares at you and mumbles some strange words.
The magic dart hits you!
* * * LOW HITPOINT WARNING * * *
You take 3 damage, and have 10/27 hp.
You hit Natasha. You kick Natasha, but do no damage.
Natasha is severely wounded.
Natasha misses you.
You closely miss Natasha.
Natasha is severely wounded.
Natasha mumbles some strange words.
You barely miss Natasha.
Natasha is severely wounded.
Natasha howls an incantation.
Natasha's front paws start to glow.
Natasha casts a spell.
You barely miss Natasha.
Natasha is severely wounded.
Natasha stares at you and mumbles some strange words.
The magic dart hits you!
* * * LOW HITPOINT WARNING * * *
You take 3 damage, and have 7/27 hp.
You closely miss Natasha.
Natasha is severely wounded.
The white imp grins evilly.
The shadow imp gestures at you. Pain shoots through your body!
* * * LOW HITPOINT WARNING * * *
Natasha mumbles some strange words.
Natasha shimmers violently.
Natasha closely misses you.
You take 4 damage, and have 3/27 hp.
You closely miss Natasha.
Natasha is severely wounded.
The white imp barely misses you.
The shadow imp picks up a beetle and eats it.
Natasha stares at you and mumbles some strange words.
The magic dart hits you!
* * * LOW HITPOINT WARNING * * *
You take 2 damage, and have 1/27 hp.
You barely miss Natasha.
Natasha is severely wounded.
The white imp gestures at you. The puff of frost hits you!
You die...

█ █....<█ █......██ ████... █
█.....█ █...█..██████.......
███.....█ ████...........(.██
........███..................█
██..███...█............███.......
██.█.))...............██ ██.█...
█....█████.█.█.......██ .....
.....█ █...█......██ .... ██.█.██
██....5@...███ s.. ...█..██
█....5h....... ...
.......████.....$.......
<█████.................. ██
███................ █
████................ █
█...................
█.....█.........█.█...█
█.....█...............


You could see Natasha, a white imp and a shadow imp.

Vanquished Creatures
  Natasha (D:2)
  An ooze (D:1)
  A worm (D:2)
  3 bats
  2 giant cockroaches
  4 goblins (D:1)
  3 hobgoblins
  4 kobolds
  A quokka (D:2)
  3 frilled lizards
  3 rats
26 creatures vanquished.

Notes
Turn   | Place    | Note
-------+----------+-------------------------------------------
     0 | D:1      | Goblin1989 the Demonspawn Warper began the quest for the Orb.
     0 | D:1      | Reached XP level 1. HP: 16/16 MP: 3/3
   125 | D:1      | Reached skill level 2 in Short Blades
   347 | D:1      | Gained mutation: You have large cloven feet. [demonic ancestry]
   347 | D:1      | Reached XP level 2. HP: 19/22 MP: 5/5
   673 | D:1      | Reached skill level 3 in Short Blades
  1150 | D:2      | Noticed Natasha
  1325 | D:2      | Noticed a crimson imp
  1326 | D:2      | Killed Natasha
  1326 | D:2      | Reached skill level 1 in Staves
  1326 | D:2      | Gained mutation: Your movements are slightly less encumbered by armour. (ER -2) [demonic ancestry]
  1326 | D:2      | Reached XP level 3. HP: 20/27 MP: 6/6
  1681 | D:2      | Noticed Natasha
  1695 | D:2      | HP: 1/27 [Natasha/magic dart (2)]
  1696 | D:2      | Killed from afar by a white imp

Vault maps used:
D:1:      nagdon_arrival_double_spiral
D:2:      lemuel_round_altar, uniq_natasha

Skill      XL: |  1  2 |
---------------+-------+-----
Short Blades   | 2 3 |  3.2
Staves         | 1 |  1.6
Fighting       | |  2.0
Throwing       | |  0.8
Armour         | |  0.8
Dodging        | |  1.7
Spellcasting   | |  2.0
Translocations | |  2.6

Action                   || total
-------------------------++-------
Melee: Short sword       ||    98
       Quarterstaff      ||    13
       Kick              ||    11
  Eat: Chunk             ||     2
Armor: Leather armour    ||    21
Dodge: Dodged            ||    61

Table legend:
 A = Spawn XP
 B = Non-spawn XP
 C = Spawn XP percentage of total XP
 D = Spawn monster count
 E = Non-spawn monster count
 F = Spawn count percentage of total count
 G = Total turns spent on level
                    A         B        C        D         E        F      G
               +---------+---------+-------+---------+---------+-------+---------
         Total |       0 |      84 |   0.0 |       0 |      26 |   0.0 |  1696
               +---------+---------+-------+---------+---------+-------+---------
           D:1 |       0 |      32 |   0.0 |       0 |      15 |   0.0 |  1289
           D:2 |       0 |      52 |   0.0 |       0 |      11 |   0.0 |   407
               +---------+---------+-------+---------+---------+-------+---------

Vault maps used:
D:1:      nagdon_arrival_double_spiral
D:2:      lemuel_round_altar, uniq_natasha
